 Dungeon Crawl Stone Soup version 0.31-a0-202-g547052bce9 (webtiles) character file.

Game seed: 9915528525460535217

784 qw the Skirmisher (level 7, 0/40 HPs)
             Began as a Deep Elf Hunter on June 26, 2023.
             Slain by a hound (1 damage)
             ... on level 5 of the Dungeon.
             The game lasted 00:01:56 (4476 turns).

qw the Skirmisher (Deep Elf Hunter)                 Turns: 4476, Time: 00:01:57

Health: 0/40       AC:  9    Str: 10    XL:     7   Next: 55%
Magic:  9/9        EV: 11    Int: 14    God:
Gold:   60         SH:  0    Dex: 18    Spells: 6/6 levels left

rFire   . . .        Y - +0 shortbow
rCold   . . .        (shield currently unavailable)
rNeg    . . .        i - +0 ring mail
rPois   +            b - +0 helmet
rElec   .            h - +0 cloak
rCorr   .            a - +0 pair of gloves
SInv    .            f - +0 pair of boots
Will    .....        (no amulet)
Stlth   +            g - ring of poison resistance
HPRegen 0.26/turn    (no ring)
MPRegen 0.11/turn

%: no passive effects
@: about to teleport
A: no striking features
a: no special abilities


You were on level 5 of the Dungeon.
You visited 1 branch of the dungeon, and saw 5 of its levels.

You collected 251 gold pieces.
You spent 191 gold pieces at shops.


   Skills:
 - Level 2.0 Fighting
 + Level 11.6 Ranged Weapons
 - Level 1.1 Armour
 - Level 3.1 Dodging
 - Level 1.2 Stealth


You had 6 spell levels left.
You didn't know any spells.
Your spell library was empty.

Inventory:

Hand Weapons
 Y - a +0 shortbow (weapon)
Armour
 a - a +0 pair of gloves (worn)
 b - a +0 helmet (worn)
 f - a +0 pair of boots (worn)
 h - a +0 cloak (worn)
 i - a +0 ring mail (worn)
Jewellery
 g - a ring of poison resistance (left hand)
Scrolls
 j - a scroll of identify
Potions
 c - 2 potions of curing
 d - a potion of haste
 e - a potion of might
 k - a potion of enlightenment
 o - a potion of lignification {unknown}
 q - a potion of heal wounds {unknown}
 r - a potion of invisibility {unknown}

Dungeon Overview and Level Annotations

Branches:
Dungeon (5/15)
 Temple: D:4-7

Altars:

Shops:
D:2 *   D:4 ?

Annotations:
D:4 Pikel


Message History

The jelly hits you.
You are splashed with acid!
The phantom closely misses you.
You shoot an arrow.
The arrow hits the phantom but does no damage.
The phantom is moderately damaged.
The jelly hits you but does no damage.
The phantom hits you but does no damage.
You shoot an arrow. The arrow closely misses the phantom.
The jelly hits you but does no damage. The phantom completely misses you.
You shoot an arrow. The arrow hits the phantom.
The phantom is heavily damaged.
The jelly hits you but does no damage. The phantom hits you.
The hound bites you but does no damage.
You shoot an arrow.
The arrow hits the phantom but does no damage.
The phantom is heavily damaged.
The hound closely misses you. The phantom completely misses you.
The jelly barely misses you.
You shoot an arrow. The arrow hits the phantom.
The phantom is heavily damaged.
The hound barely misses you. The jelly hits you but does no damage.
The phantom barely misses you. The hound barely misses you.
You shoot an arrow. The arrow closely misses the phantom.
The hound misses you. The phantom closely misses you. The jelly hits you.
You are splashed with acid!
4473 ||| READING scroll of teleportation.
As you read the scroll of teleportation, it crumbles to dust.
You feel strangely unstable. The hound bites you.
The jelly completely misses you. The phantom closely misses you.
The hound bites you but does no damage.
You shoot an arrow. The arrow barely misses the phantom.
The hound bites you but does no damage. The jelly hits you but does no damage.
The phantom hits you.
The phantom blinks!
You blink.
Found a stone staircase leading down.
You shoot an arrow. The arrow hits the phantom!
The phantom is almost destroyed.
The phantom hits you but does no damage.
You shoot an arrow. The arrow hits the phantom.
You destroy the phantom!
The hound barely misses you. The hound bites you.
You die...

#. . .# .##. ##
... .. #.#
...##.##.#
#....@.# ###..#h##
# #... #..#.¤#.#
..# #>.J #¤..#
#### ..##
#..<..J.#......#
...#
#....####.###.#.#
#..#
#.#.####...#.#
#.##...
#.#.......¤.##
##.....
####...#.###.#.<..


You could see a hound and a jelly.

Vanquished Creatures
  A water moccasin (D:4)
  A lemure (D:4)
  2 phantoms
  A howler monkey (D:5)
  A bullfrog zombie (D:4)
  A jelly (D:4)
  2 orc priests (D:3)
  2 hounds
  2 iguanas
  A scorpion zombie (D:4)
  2 orc wizards (D:3)
  2 hound zombies (D:4)
  2 hound skeletons (D:4)
  6 adders
  4 gnolls (D:3)
  2 adder skeletons (D:4)
  3 worms
  7 dart slugs
  9 orcs (D:3)
  6 endoplasms
  7 giant cockroaches
  11 goblins
  4 hobgoblins
  2 jackals (D:3)
  3 quokkas
  4 ball pythons
  3 bats
  3 frilled lizards
  8 kobolds
  6 rats
108 creatures vanquished.

Notes
Turn   | Place    | Note
-------+----------+-------------------------------------------
     0 | D:1      | qw the Deep Elf Hunter began the quest for the Orb.
     0 | D:1      | Reached XP level 1. HP: 12/12 MP: 3/3
     0 | D:1      | 0 ||| qw: Version: 0.3-a-22-g0ed2b0b
     0 | D:1      | 0 ||| qw: Game counter: 6035
     0 | D:1      | 0 ||| qw: Melee chars always use a shield: true
     0 | D:1      | 0 ||| qw: God list: Okawaru
     0 | D:1      | 0 ||| qw: Allow faded altars: false
     0 | D:1      | 0 ||| qw: Do Orc after clearing Dungeon:15 true
     0 | D:1      | 0 ||| qw: Do second Lair branch before Depths: true
     0 | D:1      | 0 ||| qw: Lair rune preference: random
     0 | D:1      | 0 ||| qw: Goals: Normal
     0 | D:1      | 0 ||| PLANNING D:1-11
   213 | D:1      | Reached XP level 2. HP: 16/16 MP: 4/4
   306 | D:1      | Reached skill level 6 in Ranged Weapons
   617 | D:1      | 617 ||| FLEEEEING.
   654 | D:1      | Found a faded altar of an unknown god.
   770 | D:1      | 770 ||| UPGRADING to +0 cloak.
   775 | D:1      | 775 ||| READING scroll labelled CUABLE KIEQOO.
   776 | D:1      | 776 ||| READING scroll labelled BYNARGH CIAPOCW.
   777 | D:1      | 777 ||| READING scroll labelled KEISUE VOTI.
   778 | D:1      | 778 ||| READING scroll labelled KUAKLY GADOIN.
   779 | D:1      | 779 ||| DROPPING scroll of butterflies.
   900 | D:2      | 900 ||| FLEEEEING.
   901 | D:2      | 901 ||| FLEEEEING.
   902 | D:2      | 902 ||| FLEEEEING.
   903 | D:2      | 903 ||| FLEEEEING.
   904 | D:2      | 904 ||| FLEEEEING.
   905 | D:2      | 905 ||| FLEEEEING.
   906 | D:2      | 906 ||| FLEEEEING.
  1087 | D:2      | Found Kehoorgh's Assorted Antiques.
  1097 | D:2      | 1097 ||| BUYING glowing fluorescent wand (100 gold).
  1097 | D:2      | Bought a glowing fluorescent wand for 100 gold pieces
  1097 | D:2      | 1097 ||| SHOPLISTING scroll labelled FOSOSO QONWO (25 gold,
                  | have 17).
  1121 | D:2      | Reached XP level 3. HP: 20/20 MP: 5/5
  1781 | D:2      | 1781 ||| UPGRADING to +0 pair of gloves.
  1786 | D:2      | 1786 ||| UPGRADING to +0 helmet.
  1791 | D:2      | 1791 ||| UPGRADING to +0 ring mail.
  1801 | D:2      | 1801 ||| DROPPING +0 leather armour.
  1802 | D:2      | 1802 ||| READING scroll labelled FOSOSO QONWO.
  1806 | D:2      | 1806 ||| DRINKING 2 fuming coppery potions.
  1807 | D:2      | 1807 ||| READING 2 scrolls of identify.
  1807 | D:2      | 1807 ||| IDENTIFYING green potion
  1808 | D:2      | 1808 ||| DROPPING potion of brilliance.
  1809 | D:2      | 1809 ||| DROPPING wand of flame (11).
  1838 | D:3      | Reached skill level 7 in Ranged Weapons
  1878 | D:3      | Reached XP level 4. HP: 16/25 MP: 6/6
  2011 | D:3      | Reached skill level 8 in Ranged Weapons
  2125 | D:3      | Reached skill level 1 in Armour
  2125 | D:3      | Reached XP level 5. HP: 21/29 MP: 7/7
  2139 | D:3      | HP: 3/29 [gnoll/+0 flail (5)]
  2145 | D:3      | HP: 3/29 [gnoll/+0 club (2)]
  2294 | D:3      | 2294 ||| Stepping ~*~*~tactically~*~*~ (outnumbered).
  2309 | D:3      | Reached skill level 9 in Ranged Weapons
  2393 | D:3      | Reached XP level 6. HP: 35/35 MP: 8/8
  2715 | D:3      | 2715 ||| STAIRDANCE
  2735 | D:2      | 2735 ||| UPGRADING to +0 pair of boots.
  2740 | D:2      | 2740 ||| READING scroll labelled TIATYT OLOTIOL.
  2803 | D:2      | 2803 ||| DRINKING 3 coppery potions.
  2804 | D:2      | 2804 ||| DRINKING 2 silvery potions.
  2866 | D:3      | 2866 ||| FLEEEEING.
  2867 | D:3      | 2867 ||| FLEEEEING.
  2869 | D:3      | 2869 ||| FLEEEEING.
  2870 | D:3      | 2870 ||| FLEEEEING.
  2871 | D:3      | 2871 ||| STAIRDANCE
  2941 | D:3      | Found the +7 staff of the Meek {protect, meekguard}
  3036 | D:4      | Noticed a water moccasin
  3052 | D:4      | Killed a water moccasin
  3053 | D:4      | Reached skill level 10 in Ranged Weapons
  3054 | D:4      | HP: 8/35 [poisoned by a water moccasin]
  3059 | D:4      | HP: 4/35 [poisoned by a water moccasin]
  3267 | D:4      | Reached skill level 3 in Dodging
  3408 | D:4      | Reached XP level 7. HP: 39/40 MP: 9/9
  3636 | D:4      | Reached skill level 11 in Ranged Weapons
  3941 | D:4      | Found Noysaela's Magic Scroll Emporium.
  4126 | D:4      | 4126 ||| SHOPLISTING 2 scrolls of enchant weapon (195 gold,
                  | have 151).
  4126 | D:4      | 4126 ||| BUYING scroll of identify (26 gold).
  4126 | D:4      | Bought a scroll of identify for 26 gold pieces
  4126 | D:4      | 4126 ||| BUYING scroll of identify (26 gold).
  4126 | D:4      | Bought a scroll of identify for 26 gold pieces
  4126 | D:4      | 4126 ||| BUYING scroll of teleportation (39 gold).
  4126 | D:4      | Bought a scroll of teleportation for 39 gold pieces
  4126 | D:4      | 4126 ||| UPGRADING to ring of poison resistance.
  4127 | D:4      | 4127 ||| READING scroll labelled RIODWE CUTSACU.
  4128 | D:4      | 4128 ||| READING scroll labelled FEUXZA OCWYZU.
  4129 | D:4      | 4129 ||| READING 3 scrolls of identify.
  4129 | D:4      | 4129 ||| IDENTIFYING smoky grey potion
  4130 | D:4      | 4130 ||| READING 2 scrolls of identify.
  4130 | D:4      | 4130 ||| IDENTIFYING bubbling emerald potion
  4131 | D:4      | 4131 ||| DROPPING potion of berserk rage.
  4220 | D:5      | Entered Level 5 of the Dungeon
  4220 | D:5      | Noticed Pikel
  4225 | D:5      | 4225 ||| STAIRDANCE
  4229 | D:4      | HP: 9/40 [lemure[Pikel] (7)]
  4230 | D:4      | 4230 ||| READING 2 scrolls of teleportation.
  4393 | D:5      | 4393 ||| STAIRDANCE
  4472 | D:5      | HP: 6/40 [acid (10)]
  4473 | D:5      | 4473 ||| READING scroll of teleportation.
  4474 | D:5      | HP: 1/40 [phantom (2)]
  4476 | D:5      | Slain by a hound

Levels and vault maps discovered:
D:1:      nicolae_arrival_washed_ashore, layout_loops_ring,
          shapermc_ecumenical_altar_pompeii
D:2:      minmay_diamond_boxcup, layout_loops_corners, serial_shops,
          nicolae_shop_advertising_works [nicolae_subvault_shop_adworks],
          minmay_misc_feat_diagonals, amcnicky_mini_pool_small,
          amcnicky_mini_corridor_feature, eino_curves_02, kennysheep_potato
D:3:      minmay_chambers_of_threes, layout_basic, pf_guarded_unrand_meek
D:4:      layout_loops_corners, serial_shops, nicolae_inconvenience_store,
          serial_undead, serial_undead_d, serial_undead_f, serial_undead_f,
          serial_undead_e, st_stairs_2
D:5:      layout_loops_ring, nicolae_letterblocks [nicolae_letter_subblock,
          nicolae_letter_subblock, nicolae_letter_subblock,
          nicolae_letter_subblock, nicolae_letter_subblock,
          nicolae_letter_subblock, nicolae_letter_subblock,
          nicolae_letter_subblock, nicolae_letter_subblock,
          nicolae_letter_subblock, nicolae_letter_subblock,
          nicolae_letter_subblock, nicolae_letter_subblock,
          nicolae_letter_subblock, nicolae_letter_subblock,
          nicolae_letter_subblock, nicolae_letter_subblock,
          nicolae_letter_subblock, nicolae_letter_subblock,
          nicolae_letter_subblock, nicolae_letter_subblock,
          nicolae_letter_subblock, nicolae_letter_subblock,
          nicolae_letter_subblock, nicolae_letter_subblock], uniq_sigmund,
          uniq_pikel

Skill      XL: |  1  2  3  4  5  6  7 |
---------------+----------------------+-----
Ranged Weapons | 6 7 8 9 10 11 | 11.6
Armour         | 1 |  1.1
Fighting       | 2 |  2.0
Dodging        | 3 |  3.1
Stealth        | |  1.2

Action                     |  1- 3 |  4- 6 |  7- 9 || total
---------------------------+-------+-------+-------++-------
   Fire: Shortbow          |   118 |   264 |   128 ||   510
    Use: Scroll            |     6 |     1 |     6 ||    13
         Potion            |     1 |     2 |       ||     3
 Armour: Leather armour    |    10 |       |       ||    10
         Ring mail         |     8 |    87 |    47 ||   142
  Dodge: Dodged            |    44 |   121 |    59 ||   224

Table legend:
 A = Non-vault XP
 B = Vault XP
 C = Vault XP percentage of total XP
 D = Non-vault monster count
 E = Vault monster count
 F = Vault count percentage of total count
                 A         B        C        D         E       F
            +---------+---------+-------+---------+---------+-------
      Total |     931 |     288 |  23.6 |      71 |      36 |  33.6
            +---------+---------+-------+---------+---------+-------
        D:1 |      20 |       0 |   0.0 |      11 |       0 |   0.0
        D:2 |      29 |      15 |  34.1 |      13 |       9 |  40.9
        D:3 |     307 |      84 |  21.5 |      31 |      16 |  34.0
        D:4 |     382 |     189 |  33.1 |      13 |      11 |  45.8
        D:5 |     193 |       0 |   0.0 |       3 |       0 |   0.0
            +---------+---------+-------+---------+---------+-------
